 Dungeon Crawl Stone Soup version 0.16.1-2-g95b8d4c (console) character file.

132 gw the Stinger (level 4, -9/36 HPs)
             Began as a Draconian Venom Mage on Mar 25, 2015.
             Splashed by a jelly's acid (13 damage)
             ... on level 2 of the Dungeon.
             The game lasted 00:03:47 (4175 turns).

gw the Stinger (Draconian Venom Mage)               Turns: 4175, Time: 00:03:47

Health: -9/36      AC: -9    Str: 10    XL:     4   Next: 92%
Magic:  0/10       EV: 12    Int: 16    God:
Gold:   81         SH:  0    Dex: 12    Spells: 2 memorised, 6 levels left

rFire  . . .     SeeInvis .     b - +1 short sword
rCold  . . .     Clarity  +     (armour unavailable)
rNeg   . . .     SustAb   .     (no shield)
rPois  .         Gourm    .     (helmet restricted)
rElec  .         Spirit   .     n - +0 cloak
rCorr  .         Warding  .     (no gloves)
rMut   .         Stasis   .     (no boots)
MR     .....                    a - amulet of clarity
Stlth  ++........               (no ring)
                                (no ring)

@: corroded equipment, not resistant to hostile enchantments, unstealthy
A: unfitting armour, cold-blooded, AC +5
a: no special abilities


You were on level 2 of the Dungeon.
You were hungry.

You visited 1 branch of the dungeon, and saw 3 of its levels.

You collected 81 gold pieces.

Inventory:

Hand weapons
 b - a +1 short sword (weapon)
Missiles
 e - 33 stones (quivered)
 k - 7 needles of paralysis
Armour
 n - a +0 cloak (worn)
Jewellery
 a - an amulet of clarity (around neck)
Scrolls
 o - a scroll of identify
Potions
 j - a potion of curing
Books
 i - a Young Poisoner's Handbook

   Spells                             Type                      Level
   a - Sting                          Conjuration/Poison           1
   b - Cure Poison                    Poison                       2
   c - Mephitic Cloud                 Conjuration/Poison/Air       3
   d - Olgreb's Toxic Radiance        Poison                       4
   e - Venom Bolt                     Conjuration/Poison           5
Comestibles
 c - a bread ration
 f - a beef jerky
 g - 3 fruits


   Skills:
 + Level 2.1 Fighting
 + Level 2.3 Dodging
 - Level 1.7 Stealth
 * Level 3.7 Spellcasting
 + Level 4.3 Poison Magic


You had 6 spell levels left.
You knew the following spells:

 Your Spells              Type           Power        Failure   Level  Hunger
a - Sting                 Conj/Pois      #...         10%         1    None
b - Mephitic Cloud        Conj/Pois/Air  #.......     34%         3    ###....


Dungeon Overview and Level Annotations

Branches:
Dungeon (3/15)

Altars:


Innate Abilities, Weirdness & Mutations

Your plain brown scales are hard (AC +5).
Your body does not fit into most forms of armour.
Your cold-blooded metabolism reacts poorly to cold.


Message History

Confirm with . or Enter, or press ? or * to list all spells.
Aiming: Sting
Press: ? - help, Shift-Dir - straight line, f - jelly
Aim: a jelly (severely wounded)
The sting hits the jelly.
The jelly completely resists.
The jelly is severely wounded.
The jelly barely misses you.
Unknown command.
Unknown command.
Unknown command.
Unknown command.
Casting: Sting
Confirm with . or Enter, or press ? or * to list all spells.
Aiming: Sting
Press: ? - help, Shift-Dir - straight line, f/p - jelly
Aim: a jelly (severely wounded)
The sting hits the jelly.
The jelly completely resists.
The jelly is severely wounded.
The jelly hits you.
You are splashed with acid!
The acid burns!
You die...

............#....................
.......##.###....#......#########
............#....................
.#.######.#.#.........#.#.#######
.#.######.#.#...........#...#....
........#.#.#.##...^....#.#.#.###
..........#.#....#........#......
.#............>.J#.###.##.###.###
.#.............#d#..........#.#
.#.#......###.##.#....#...#.#.#
.#.#......# #.#...........#.#.#
.#.#......# #.#..#........#.#.#
.#.#......# #.#...........#.#.###
##.#......###.#.###.......#.#.#..
...####.#.................#.#.#.#
#### #.#####.#.####........)%#.#
# #.# #.#.# #.####.....#.#


You could see a jelly.

Table legend:
 A = Turns spent in this place as a percentage of turns spent in the entire game.
 B = Non-inter-level travel turns spent in this place as a percentage of non-inter-level travel turns spent in the entire game.
 C = Inter-level travel turns spent in this place as a percentage of turns spent in this place.
 D = Turns resting spent in this place as a percentage of non-inter-level travel turns spent in this place.
 E = Turns spent auto-exploring this place as a percentage of non-inter-level travel turns spent in this place.
 F = Non-inter-level travel turns spent in this place divided by the number of levels of this place that you've seen.
                   A       B       C       D       E      F
               +-------+-------+-------+-------+-------+----------------------
         Total | 100.0 | 100.0 |   0.4 |   2.7 |   2.0 | 1653.7
       Dungeon | 100.0 | 100.0 |   0.4 |   2.7 |   2.0 | 1653.7
               +-------+-------+-------+-------+-------+----------------------

Table legend:
 A = Kills in this place as a percentage of kills in entire the game.
 B = Kills by you in this place as a percentage of kills by you in the entire game.
 C = Kills by friends in this place as a percentage of kills by friends in the entire game.
 D = Other kills in this place as a percentage of other kills in the entire game.
 E = Experience gained in this place as a percentage of experience gained in the entire game.
 F = Experience gained in this place divided by the number of levels of this place that you have seen.
                   A       B       C       D       E      F
               +-------+-------+-------+-------+-------+----------------------
         Total | 100.0 | 100.0 |  -nan |  -nan | 100.0 |  63.0
       Dungeon | 100.0 | 100.0 |  -nan |  -nan | 100.0 |  63.0
               +-------+-------+-------+-------+-------+----------------------

Vanquished Creatures
  4 adders (D:2)
  5 worms (D:2)
  4 giant geckos
  3 oozes
  2 ball pythons
  4 bats
  5 hobgoblins
  7 jackals
  5 kobolds
  2 quokkas (D:2)
  6 giant newts
  7 goblins
  7 rats
61 creatures vanquished.

Notes
Turn   | Place    | Note
--------------------------------------------------------------
     0 | D:1      | gw, the Draconian Venom Mage, began the quest for the Orb.
     0 | D:1      | Reached XP level 1. HP: 14/14 MP: 3/3
   334 | D:1      | Reached XP level 2. HP: 7/20 MP: 0/5
  1626 | D:2      | Reached XP level 3. HP: 27/27 MP: 0/7
  1691 | D:2      | Learned a level 3 spell: Mephitic Cloud
  1892 | D:2      | Reached skill level 1 in Fighting
  2621 | D:2      | Reached XP level 4. HP: 35/35 MP: 5/9
  4175 | D:2      | Splashed by a jelly's acid

Action                   |  1- 3 |  4- 6 || total
-------------------------+-------+-------++-------
Melee: Club              |     9 |       ||     9
       Short sword       |    28 |    39 ||    67
Throw: Stone             |    25 |    30 ||    55
 Cast: Sting             |   102 |    90 ||   192
  Use: Potion            |     6 |       ||     6
       Scroll            |     2 |     4 ||     6
  Eat: Chunk             |     6 |     4 ||    10

Vault maps used:
D:1:      minmay_arrival_four_houses
D:3:      lemuel_crystal_altar
